 Seeded DCSS version 0.32-a0-893-gf85d74f360 (webtiles) character file.

Game seed: 202404031 (custom seed)

792 Orlauf the Twirler (level 7, 0/56 HPs)
             Began as a Demonspawn Gladiator on Apr 3, 2024.
             Killed by nerve-wracking pain
             ... invoked by an orc priest
              (2 damage)
             ... on level 5 of the Dungeon.
             The game lasted 00:05:58 (4118 turns).

Orlauf the Twirler (Demonspawn Gladiator)           Turns: 4118, Time: 00:06:00

Health: 0/56       AC: 10    Str: 17    XL:     7   Next: 57%
Magic:  0/7        EV:  8    Int:  8    God:
Gold:   235        SH:  0    Dex: 14    Spells: 6/6 levels left

rFire   . . .        a - +0 quarterstaff
rCold   . . .        (shield currently unavailable)
rNeg    . . .        k - +0 chain mail
rPois   .            c - +1 helmet
rElec   .            (no cloak)
rCorr   +            (no gloves)
SInv    .            (no boots)
Will    .....        g - amulet of guardian spirit Stlth
                     l - ring of resist corrosion
HPRegen 0.29/turn    (no ring)
MPRegen 0.10/turn

%: guardian spirit
@: no status effects
A: claws 2, powered by pain 1, sturdy frame 1, demonic magic 1
a: Convert to Beogh


You were on level 5 of the Dungeon.
You visited 1 branch of the dungeon, and saw 5 of its levels.

You collected 235 gold pieces.

Inventory:

Hand Weapons
 a - a +0 quarterstaff (weapon)
Missiles
 d - 3 throwing nets
 e - a javelin
 p - 9 poisoned darts (quivered)
Armour
 c - a +1 helmet (worn)
 k - a +0 chain mail (worn)
Jewellery
 f - a ring of ice
 g - an amulet of guardian spirit (around neck)
 l - a ring of resist corrosion (left claw)
Scrolls
 b - a scroll of immolation
 m - a scroll of poison
 n - a scroll of blinking
Potions
 h - 3 potions of curing
 i - a potion of brilliance
 j - a potion of enlightenment {unknown}


   Skills:
 + Level 5.2 Fighting
 * Level 6.9 Staves
 - Level 1.7 Throwing
 - Level 2.6 Dodging


You had 6 spell levels left.
You didn't know any spells.
Your spell library contained the following spells:

 Spells                   Type           Power      Damage    Failure   Level
 Magic Dart               Conj           0%         1d3       95%         1
 Searing Ray              Conj           0%         2d4       99%         2
 Fulminant Prism          Conj/Alch      0%         3d5       100%        4


Dungeon Overview and Level Annotations

Branches:
Dungeon (5/15)
 Temple: D:4-7

Altars:
Gozag
Hepliaklqana
Vehumet

Shops:
D:5 [


Innate Abilities, Weirdness & Mutations

You have very sharp fingernails.
You sometimes gain a little power by taking damage.
Your movements are slightly less encumbered by armour. (ER -2)
Spells you cast may paralyse adjacent enemies.


Message History

The orc shouts!
The orc priest closely misses you.
You barely miss the orc priest.
The orc priest threatens, "Beogh's wrath is as vast as their mercy.
Make your choice!" The orc priest hits you with a +0 club.
You closely miss the orc priest.
The orc priest hits you but does no damage.
You closely miss the orc priest. The orc priest hits you with a +0 club.
The orc shouts!
You hit the orc priest.
The orc priest is lightly wounded.
The orc priest mumbles some strange prayers to Beogh against you.
Beogh smites you!
* * * LOW HITPOINT WARNING * * *
You focus on the pain.
You feel your power returning.
The orc priest shouts, "Beogh offers mercy even to people such as you.
Join us and be reborn!"
You hit the orc priest but do no damage.
The orc priest is lightly wounded.
The orc priest hits you with a +0 club.
* * * LOW HITPOINT WARNING * * *
Unknown command.
You hit the orc priest.
The orc priest is lightly wounded.
The orc hits you but does no damage.
The orc priest calls down the wrath of Beogh upon you.
Beogh smites you!
* * * LOW HITPOINT WARNING * * *
Unknown command.
You barely miss the orc priest.
The orc priest is lightly wounded.
The orc hits you but does no damage. The orc priest barely misses you.
Okay, then.
You barely miss the orc priest.
The orc priest is lightly wounded.
The orc hits you with a +0 whip.
* * * LOW HITPOINT WARNING * * *
The orc hits you but does no damage.
The orc priest calls down the wrath of Beogh upon you.
Pain shoots through your body!
You die...

########
#.###.........#.....##'
..
..#...........#.....##.
....
..#...........#.....##.
###..
...................##.
# ............#.....##.
............#......#.
#.........######>#. ##
##.?....### #.#.
#...#o@.....# #...
..._..oo.....# ###.
.#...#.......# ##
##.###........# .
#...#.......#...
..............####
#..#...........
#............#..
##..<......###.


You could see an orc priest and 2 orcs.

Vanquished Creatures
  Duvessa (D:5)
  Dowan (D:5)
  4 bombardier beetles
  2 jellies
  An orc priest (D:3)
  3 hounds
  4 iguanas (D:4)
  A sleepcap (D:5)
  10 adders
  3 ribbon worms
  5 dart slugs
  9 orcs
  9 endoplasms
  2 giant cockroaches (D:1)
  6 goblins
  12 hobgoblins
  6 jackals
  3 quokkas
  7 ball pythons
  2 bats
  A frilled lizard (D:1)
  6 kobolds
  4 rats
102 creatures vanquished.

Notes
Turn   | Place    | Note
-------+----------+-------------------------------------------
     0 | D:1      | Orlauf the Demonspawn Gladiator began the quest for the
                  | Orb.
     0 | D:1      | Reached XP level 1. HP: 16/16 MP: 1/1
   209 | D:1      | Reached skill level 3 in Staves
   246 | D:1      | Gained mutation: You have sharp fingernails. [demonic
                  | ancestry]
   246 | D:1      | Reached XP level 2. HP: 20/22 MP: 2/2
   846 | D:2      | Found a faded altar of an unknown god.
   853 | D:2      | Gained mutation: You sometimes gain a little power by
                  | taking damage. [demonic ancestry]
   853 | D:2      | Reached XP level 3. HP: 27/28 MP: 3/3
  1308 | D:2      | Reached skill level 4 in Staves
  1308 | D:2      | Gained mutation: You have very sharp fingernails. [demonic
                  | ancestry]
  1308 | D:2      | Reached XP level 4. HP: 24/35 MP: 4/4
  2359 | D:3      | Gained mutation: Your movements are slightly less
                  | encumbered by armour. (ER -2) [demonic ancestry]
  2359 | D:3      | Reached XP level 5. HP: 41/41 MP: 5/5
  2372 | D:3      | Found a hazy altar of Hepliaklqana.
  2786 | D:4      | Reached skill level 5 in Staves
  2881 | D:4      | Reached XP level 6. HP: 44/48 MP: 6/6
  3730 | D:5      | Entered Level 5 of the Dungeon
  3730 | D:5      | Found a radiant altar of Vehumet.
  3741 | D:4      | Reached skill level 6 in Staves
  3836 | D:5      | Found an opulent altar of Gozag.
  3870 | D:5      | Noticed Duvessa
  3871 | D:5      | Noticed Dowan
  3873 | D:5      | Gained mutation: Spells you cast may paralyse adjacent
                  | enemies. [demonic ancestry]
  3873 | D:5      | Reached XP level 7. HP: 55/55 MP: 7/7
  3887 | D:5      | Killed Dowan
  3893 | D:5      | Killed Duvessa
  3894 | D:5      | Reached skill level 5 in Fighting
  4070 | D:5      | Found Raddotyg's Armour Emporium.
  4118 | D:5      | HP: 2/56 [orc/+0 whip (2)]
  4118 | D:5      | Killed from afar by an orc priest

Illustrated notes

Levels and vault maps discovered:
D:1:      lemuel_arrival_hallway, layout_loops_corners, st_stairs_2,
          kennysheep_decorative_pillar
D:2:      layout_basic, hellmonk_ecumenical_altar_inner_sanctum,
          corexii_item_surrounded_by_moat
D:3:      layout_basic, lemuel_coloured_pillars_altar, serial_bayou_lake_a
D:4:      layout_loops_ring, serial_rivers, chequers_serial_rivers_small_3,
          chequers_serial_rivers_large_a, chequers_serial_rivers_micro_a,
          chequers_serial_rivers_marsh, chequers_serial_rivers_micro_a
D:5:      layout_rooms, nicolae_gozag_cash_rules_everything_around_me,
          vehumet_crystals, serial_shops, nicolae_shop_behind_doors,
          saegor_snake_ambush, uniq_duvessa

Skill      XL: |  1  2  3  4  5  6  7 |
---------------+----------------------+-----
Staves         | 3 4 5 6 |  6.9
Fighting       | 3 4 5 |  5.2
Throwing       | |  1.7
Dodging        | |  2.6

Action                     |  1- 3 |  4- 6 |  7- 9 || total
---------------------------+-------+-------+-------++-------
  Melee: Quarterstaff      |   105 |   198 |    45 ||   348
  Throw: Throwing net      |       |     3 |       ||     3
  Evoke: Wand              |       |     2 |     3 ||     5
    Use: Scroll            |     1 |    11 |     1 ||    13
         Potion            |       |     1 |       ||     1
   Stab: Sleeping          |     1 |       |       ||     1
         Held in net/web   |       |     1 |       ||     1
 Armour: Leather armour    |    45 |       |       ||    45
         Ring mail         |    12 |    24 |       ||    36
         Scale mail        |       |    97 |     7 ||   104
         Chain mail        |       |       |    29 ||    29
  Dodge: Dodged            |    61 |    93 |    19 ||   173

Table legend: (Time is in decaauts)
 A = Elapsed time spent in this place.
 B = Non-inter-level travel time spent in this place.
 C = Inter-level travel time spent in this place.
 D = Time resting spent in this place.
 E = Time spent auto-exploring this place.
 F = Levels seen in this place.
 G = Mean time per level.
                   A        B        C        D        E       F      G
               +--------+--------+--------+--------+--------+-----+--------+
         Total |   4182 |   4112 |     70 |    375 |   2926 |   5 |  836.4 |
       Dungeon |   4182 |   4112 |     70 |    375 |   2926 |   5 |  836.4 |
               +--------+--------+--------+--------+--------+-----+--------+

Top non-repeatable levels by time:
     D:4: 1323 daAuts
     D:2: 1024 daAuts
     D:1: 837 daAuts
     D:3: 652 daAuts
     D:5: 345 daAuts
